 Dungeon Crawl Stone Soup version 0.31.0-4-g52a2dc7128 (webtiles) character file.

Game seed: 275972291797549418

74 GordonOverkill the Cutter (level 4, -5/18 (28) HPs)
             Began as a Kobold Reaver on Jan 23, 2024.
             Slain by Crazy Yiuf
             ... wielding a +2 quarterstaff of chaos
              (12 damage)
             ... on level 2 of the Dungeon.
             The game lasted 00:03:17 (1714 turns).

GordonOverkill the Cutter (Kobold Reaver)           Turns: 1714, Time: 00:03:18

HP:   -5/18 (28)    AC:  3    Str:  9    XL:     4   Next: 52%
MP:   4/8           EV: 14    Int: 16    God:
Gold: 83            SH:  0    Dex: 13    Spells: 6/9 levels left

rFire   . . .        g - +1 dagger (elec)
rCold   . . .        (no shield)
rNeg    . . .        b - +0 leather armour
rPois   .            (no helmet)
rElec   .            (no cloak)
rCorr   .            (no gloves)
SInv    .            (no boots)
Will    .....        (no amulet)
Stlth   ++           (no ring)
HPRegen 0.23/turn    (no ring)
MPRegen 0.11/turn

%: no passive effects
@: brilliant, lethally poisoned (-5 -> -11), very slightly contaminated, very
heavily drained
A: small, no large weapons, nightstalker 3
a: no special abilities


You were on level 2 of the Dungeon.
You visited 1 branch of the dungeon, and saw 2 of its levels.

You collected 83 gold pieces.

Inventory:

Hand Weapons
 a - a +1 rapier of speed
 g - a +1 dagger of electrocution (weapon)
Armour
 b - a +0 leather armour (worn)
Scrolls
 d - a scroll of fear {unknown}
 e - a scroll of vulnerability
 h - a scroll of teleportation
Potions
 f - a potion of enlightenment


   Skills:
 - Level 3.0 Fighting
 - Level 5.0 Short Blades
 - Level 2.4 Dodging
 - Level 3.0 Spellcasting
 - Level 3.0 Conjurations
 + Level 1.4 Translocations


You had 6 spell levels left.
You knew the following spells:

 Your Spells              Type           Power      Damage    Failure   Level
a - Kiss of Death         Conj/Necr      40%        2d8       14%         1
b - Blink                 Tloc           20%        N/A       22%         2

Your spell library contained the following spells:

 Spells                   Type           Power      Damage    Failure   Level
 Sting                    Conj/Alch      40%        1d5       14%         1
 Momentum Strike          Conj/Tloc      28%        3d8       16%         2
 Lesser Beckoning         Tloc           20%        N/A       22%         2
 Call Imp                 Summ           6%         N/A       36%         2
 Mercury Vapours          Alch/Air       6%         N/A       36%         2
 Sublimation of Blood     Necr           3%         N/A       36%         2
 Hailstorm                Conj/Ice       10%        3d6       38%         3
 Olgreb's Toxic Radiance  Alch           3%         N/A       95%         4
 Summon Hydra             Summ           1%         N/A       100%        7


Dungeon Overview and Level Annotations

Branches:
Dungeon (2/15)

Altars:

Annotations:
D:2 Crazy Yiuf


Innate Abilities, Weirdness & Mutations

You are small and have problems with some larger weapons.
You are completely attuned to the shadows.


Message History

Crazy Yiuf hits you with a +2 quarterstaff of chaos!
Casting: Kiss of Death (safe; 14% risk of failure)
Confirm with . or Enter, or press ? or * to list all spells.
Aiming: Kiss of Death (safe; 14% risk of failure)
Press: ? - help, Shift-Dir - straight line, f/p - Crazy Yiuf
Aim: Crazy Yiuf, wielding a +2 quarterstaff of chaos and wearing a +0 cloak (100% to hit)
You miscast Kiss of Death.
Nothing appears to happen.
Crazy Yiuf misses you.
Casting: Kiss of Death (safe; 14% risk of failure)
Confirm with . or Enter, or press ? or * to list all spells.
Aiming: Kiss of Death (safe; 14% risk of failure)
Press: ? - help, Shift-Dir - straight line, f/p - Crazy Yiuf
Aim: Crazy Yiuf, wielding a +2 quarterstaff of chaos and wearing a +0 cloak (100% to hit)
The negative energy hits Crazy Yiuf.
Crazy Yiuf is drained!
Crazy Yiuf is moderately wounded.
You feel drained.
Crazy Yiuf hits you with a +2 quarterstaff of chaos!
You are poisoned.
Okay, then.
Okay, then.
It was a potion of brilliance.
You feel clever all of a sudden.
You feel very sick.
Crazy Yiuf hits you with a +2 quarterstaff of chaos.
* * * LOW HITPOINT WARNING * * *
Crazy Yiuf freezes you.
* * * LOW HITPOINT WARNING * * *
Casting: Kiss of Death (safe; 14% risk of failure)
Confirm with . or Enter, or press ? or * to list all spells.
Aiming: Kiss of Death (safe; 14% risk of failure)
Press: ? - help, Shift-Dir - straight line, f/p - Crazy Yiuf
Aim: Crazy Yiuf, wielding a +2 quarterstaff of chaos and wearing a +0 cloak (moderately wounded, heavily drained, 100% to hit)
You feel a surge of power!
The negative energy hits Crazy Yiuf.
Crazy Yiuf is drained!
Crazy Yiuf is almost dead.
You feel drained.
* * * LOW HITPOINT WARNING * * *
You feel sick.
Crazy Yiuf hits you with a +2 quarterstaff of chaos!
Ouch! That really hurt!
You die...

............# ............#
............# ..........###
..........# ..........#
♣♣♣♣♣### ....#.....# ####
♣♣♣.♣..#.## #####..####
#...#♣..♣......## #..##
#..g@.♣♣♣♣......# #####...##
#)..#♣♣ ♣♣.#...# ....###..##
#### ♣♣##..# .....##...#
#.## †.....#.#.# #.#
........#.#### ##.#
.............## #..#
..............###########.##
..............##.[........#


You could see Crazy Yiuf (very drained).

Vanquished Creatures
  3 adders (D:2)
  3 dart slugs
  4 bats
  2 endoplasms
  2 goblins
  A hobgoblin (D:1)
  6 jackals (D:1)
  6 kobolds
  2 quokkas (D:2)
  7 ball pythons
  2 frilled lizards (D:2)
  4 rats
42 creatures vanquished.

Notes
Turn   | Place    | Note
-------+----------+-------------------------------------------
     0 | D:1      | GordonOverkill the Kobold Reaver began the quest for the
                  | Orb.
     0 | D:1      | Reached XP level 1. HP: 12/12 MP: 3/3
   279 | D:1      | Reached XP level 2. HP: 18/18 MP: 5/5
   825 | D:1      | Reached XP level 3. HP: 23/23 MP: 7/7
  1324 | D:2      | Reached skill level 5 in Short Blades
  1324 | D:2      | Reached XP level 4. HP: 28/28 MP: 8/8
  1327 | D:2      | Learned a level 2 spell: Blink
  1371 | D:2      | Reached skill level 1 in Translocations
  1599 | D:2      | Found a runed translucent door.
  1602 | D:2      | Noticed Crazy Yiuf
  1714 | D:2      | Slain by Crazy Yiuf

Illustrated notes

Levels and vault maps discovered:
D:1:      lightli_arrival_flooded_house, layout_loops_ring,
          chequers_serial_rivers_large_a
D:2:      layout_rooms, uniq_crazy_yiuf_cottage

Skill      XL: |  1  2  3  4 |
---------------+-------------+-----
Fighting       | 3 |  3.0
Spellcasting   | 3 |  3.0
Short Blades   | 5 |  5.0
Translocations | 1 |  1.4
Dodging        | |  2.4
Conjurations   | |  3.0

Action                     |  1- 3 |  4- 6 || total
---------------------------+-------+-------++-------
  Melee: Short sword       |    23 |       ||    23
         Dagger            |    45 |    21 ||    66
   Cast: Kiss of Death     |       |     2 ||     2
    Use: Scroll            |     4 |       ||     4
         Potion            |     1 |     1 ||     2
   Stab: Sleeping          |    13 |     2 ||    15
 Armour: Leather armour    |    39 |    12 ||    51
  Dodge: Dodged            |    61 |    20 ||    81
